 Dungeon Crawl Stone Soup version 0.22-a0-538-g76cc104 (webtiles) character file.

3203 inc the Thaumaturge (level 9, -2/51 HPs)
             Began as an Octopode Earth Elementalist on June 23, 2018.
             Was an Initiate of Gozag.
             Slain by Joseph
             ... wielding a +2 quarterstaff of crushing
              (3 damage)
             ... while paralysed by Joseph
             ... on level 7 of the Dungeon.
             The game lasted 00:23:20 (10138 turns).

inc the Thaumaturge (Octopode Earth Elementalist)  Turns: 10138, Time: 00:23:21

Health: -2/51      AC:  1    Str:  7    XL:     9   Next: 96%
Magic:  14/21      EV:  2    Int: 21    God:    Gozag
Gold:   909        SH:  0    Dex: 12    Spells: 13/24 levels left

rFire    . . .     SeeInvis .   d - +1 dagger (flame)
rCold    . . .     Gourm    .   (no shield)
rNeg     . . .     Faith    .   (helmet restricted)
rPois    .         Spirit   .   (no amulet)
rElec    .         Reflect  .   (no ring)
rCorr    .         Harm     .   (no ring)
MR       .....                  (no ring)
Stlth    +++.......             (no ring)
HPRegen  0.17/turn              (no ring)
MPRegen  0.17/turn              (no ring)
                                (no ring)
                                (no ring)

@: paralysed, lethally poisoned (-2 -> -5)
A: almost no armour, stealthy swim, amphibious, 8 rings, constrict 8, tentacle
spike 1, camouflage 1, gelatinous body 1, MP-powered wands
a: Potion Petition, Call Merchant, Bribe Branch, Renounce Religion


You were on level 7 of the Dungeon.
You worshipped Gozag.
Gozag was pleased with you.
You were not hungry.

You visited 1 branch of the dungeon, and saw 7 of its levels.
You also visited: Sewer.

You collected 953 gold pieces.
You paid 44 gold pieces to Gozag.

Inventory:

Hand Weapons
 d - a +1 dagger of flaming (weapon)
 p - a +1 short sword
Missiles
 l - 102 stones (quivered)
Jewellery
 e - the amulet of the Air {Inacc +Fly rElec EV+5 RMsl}
   (You found it on level 5 of the Dungeon)

   [amulet of inaccuracy]

   It reduces the accuracy of all your attacks.
   It affects your evasion (+5).
   It insulates you from electricity.
   It lets you fly.
   It protects you from missiles.
 f - an uncursed ring of teleportation
 g - an uncursed amulet of harm
Wands
 q - a wand of polymorph (15)
 u - a wand of digging (17)
Scrolls
 b - 5 scrolls of identify
 j - 4 scrolls of teleportation
 k - 2 scrolls of remove curse
 n - 2 scrolls of enchant weapon
 o - a scroll of acquirement {unknown}
 s - a scroll of magic mapping
 t - a scroll of enchant armour
Potions
 a - 4 potions of flight
 h - 2 potions of lignification
 m - 2 potions of magic
 r - a potion of degeneration
 v - a potion of cancellation {unknown}
Comestibles
 c - 5 rations


   Skills:
 - Level 2.0 Dodging
 - Level 2.6 Stealth
 - Level 8.3 Spellcasting
 + Level 7.2 Conjurations
 - Level 1.0 Transmutations
 - Level 8.0 Earth Magic


You had 13 spell levels left.
You knew the following spells:

 Your Spells              Type           Power        Failure   Level  Hunger
a - Sandblast             Erth           #####.       1%          1    None
b - Stone Arrow           Conj/Erth      #####.       1%          3    None
c - Lee's Rapid Deconstr  Erth           #####.....   8%          5    #####..
f - Passwall              Tmut/Erth      ####....     1%          2    None

Your spell library contained the following spells:

 Spells                   Type           Power        Failure   Level  Hunger
 Apportation              Tloc           #.....       8%          1    None
 Summon Small Mammal      Summ           #...         8%          1    None
 Animate Skeleton         Necr           N/A          8%          1    None
 Confusing Touch          Hex            #.....       8%          1    None
 Petrify                  Tmut/Erth      ####....     12%         4    ###....


Dungeon Overview and Level Annotations

Branches:
Dungeon (7/15)
 Temple: D:4-7

Altars:
Ashenzari
Fedhas
Gozag
Makhleb
Okawaru
Uskayaw
Xom
The Shining One

Annotations:
D:7 1 runed door, Joseph


Innate Abilities, Weirdness & Mutations

You cannot wear most types of armour.
You are very stealthy in the water. (Stealth+)
You are amphibious.
You can wear up to eight rings at the same time.
You can use your tentacles to constrict eight enemies at once.
Your skin changes colour to match your surroundings (Stealth+).
Your rubbery body absorbs attacks. (AC +1, EV +1)
One of your tentacles bears a spike.
You expend magic power (3 MP) to strengthen your wands.


Message History

Confirm with . or Enter, or press ? or * to list all spells.
Aiming: Stone Arrow (safe; 1% risk of failure)
Press: ? - help, Shift-Dir - straight line, f/p - Joseph
Aim: Joseph, wielding a quarterstaff of crushing, wearing a ring mail and carrying a wand of paralysis (10) (moderately wounded)
The stone arrow hits Joseph.
Joseph is moderately wounded.
You feel sick.
Joseph zaps a wand.
You suddenly lose the ability to move!
You feel sick.
A worker ant comes into view.
Joseph zaps a wand.
You easily resist.
The worker ant is distracted by the nearby gold.
Joseph zaps a wand.
You shrug off the repeated paralysis!
You feel sick.
The worker ant is no longer distracted by gold.
Joseph hits you with a quarterstaff of crushing!!
* * * LOW HITPOINT WARNING * * *
x2 The worker ant twitches its antennae in your direction.
Joseph hits you with a quarterstaff of crushing.
You die...
Your body crumbles into a pile of gold.

#........ #....#...
#....#... #....#[..
##.#.#[#. ######
#.#.#.## #....#
#.#.#...
########....###.#.#..#
#.aO@@..........#.#..#
#.######....#####.#(.#
#.# ###### #.#..#
#########a# #.#..#
$...@....aS# #.#.<#
......a...# #)##
.....aS...# # #)).
..........# #.##.)
....O.....# #.....


You could see Joseph, an ogre and a worker ant.

Vanquished Creatures
  Grinder (D:6)
  Sigmund (D:4)
  A black bear (D:6)
  3 sky beasts
  3 ogres
  A necrophage (D:6)
  5 centaurs
  4 big kobolds
  6 bullfrogs
  3 jellies (D:5)
  2 howler monkeys (D:5)
  A crimson imp (D:6)
  A hound (D:6)
  An orc priest (D:5)
  A centaur skeleton (D:6)
  4 worker ants
  3 iguanas
  6 orc wizards
  A killer bee zombie (D:6)
  A hound zombie (D:6)
  A hound skeleton (D:4)
  A worker ant zombie (D:5)
  6 gnolls
  11 adders
  2 shadow imps
  10 oozes
  An adder zombie (D:6)
  An adder skeleton (D:5)
  5 worms
  3 dart slugs
  16 leopard geckos
  14 orcs
  8 ball pythons
  20 giant cockroaches
  3 goblins
  3 hobgoblins
  6 jackals
  2 quokkas (D:6)
  5 bats
  10 frilled lizards
  14 kobolds
  A leopard gecko skeleton (D:7)
  A quokka skeleton (D:4)
  A quokka zombie (D:6)
  13 rats
207 creatures vanquished.

Vanquished Creatures (others)
  3 fungi (D:5)
  8 toadstools (D:5)
11 creatures vanquished.

Grand Total: 218 creatures vanquished

Notes
Turn   | Place    | Note
-------+----------+-------------------------------------------
     0 | D:1      | inc the Octopode Earth Elementalist began the quest for the Orb.
     0 | D:1      | Reached XP level 1. HP: 11/11 MP: 3/3
   165 | D:1      | Reached XP level 2. HP: 17/17 MP: 5/5
   733 | D:2      | Found a faded altar of an unknown god.
   825 | D:2      | Reached XP level 3. HP: 11/21 MP: 0/6
  1771 | D:3      | Reached XP level 4. HP: 27/27 MP: 5/8
  2495 | D:4      | Noticed an ogre
  2563 | D:4      | Found a glowing golden altar of the Shining One.
  2563 | D:4      | Noticed an ogre
  2573 | D:4      | Killed an ogre
  2573 | D:4      | Reached skill level 5 in Earth Magic
  2573 | D:4      | Reached XP level 5. HP: 27/31 MP: 0/9
  2579 | D:4      | Found a hide-covered altar of Uskayaw.
  2658 | D:4      | Found a shattered altar of Ashenzari.
  2658 | D:4      | Found a shimmering altar of Xom.
  2659 | D:4      | Noticed Sigmund
  2661 | D:4      | Found an opulent altar of Gozag.
  2783 | D:4      | Found an iron altar of Okawaru.
  2789 | D:4      | Found a glowing drain.
  2939 | Sewer    | Entered a sewer
  2969 | Sewer    | Reached XP level 6. HP: 28/36 MP: 6/10
  3210 | Sewer    | Learned a level 2 spell: Passwall
  3214 | Sewer    | Learned a level 3 spell: Stone Arrow
  3812 | Sewer    | HP: 1/36 [bullfrog (3)]
  3813 | Sewer    | Reached XP level 7. HP: 2/41 MP: 1/14
  4151 | D:4      | Found a burning altar of Makhleb.
  4164 | D:4      | Reached skill level 5 in Spellcasting
  4185 | D:4      | Became a worshipper of Gozag Ym Sagoz the Greedy
  4330 | D:5      | Entered Level 5 of the Dungeon
  5866 | D:4      | Killed Sigmund
  5866 | D:4      | Reached XP level 8. HP: 46/46 MP: 10/18
  6041 | D:5      | Found a blossoming altar of Fedhas.
  6264 | D:5      | Found the amulet of the Air {Inacc +Fly rElec EV+5 RMsl}
  6272 | D:5      | Gained mutation: You expend magic power (3 MP) to strengthen your wands. [potion of mutation]
  6272 | D:5      | Gained mutation: One of your tentacles bears a spike. [potion of mutation]
  7211 | D:5      | Learned a level 5 spell: Lee's Rapid Deconstruction
  7274 | D:4      | Reached XP level 9. HP: 46/51 MP: 4/21
  8472 | D:6      | Noticed Grinder
  8501 | D:6      | Killed Grinder
  8650 | D:6      | Reached skill level 5 in Conjurations
 10044 | D:7      | Found a runed door.
 10106 | D:7      | Noticed Joseph
 10134 | D:7      | Paralysed by Joseph for 6 turns
 10137 | D:7      | HP: 2/51 [Joseph/quarterstaff of crushing (22)]
 10138 | D:7      | Slain by Joseph

Vault maps used:
D:1:      tarquinn_simple_flora_water_e
D:2:      chequers_ecumenical_altar_island, st_stairs_4
D:3:      first_ration
D:4:      grunt_temple_overflow_open, minitemple, portal_sewer_entry_f,
          uniq_sigmund
D:5:      cheibrodos_fertilizer, kennysheep_mini_moat, kennysheep_flooded_box
D:6:      minmay_diamond_boxcup, uniq_grinder
D:7:      minmay_temple_entry_butterflies, uniq_crazy_yiuf_cottage, uniq_joseph
Sewer:    sewer_frog_island_02

Skill      XL: |  1  2  3  4  5  6  7  8  9 |
---------------+----------------------------+-----
Earth Magic    | 4 5 6 8 |  8.0
Spellcasting   | 4 6 8 |  8.3
Conjurations   | 4 7 |  7.2
Dodging        | |  2.0
Stealth        | |  2.6
Transmutations | |  1.0

Action                   |  1- 3 |  4- 6 |  7- 9 || total
-------------------------+-------+-------+-------++-------
Melee: Unarmed           |    24 |     2 |     2 ||    28
       Constrict         |     9 |    11 |    13 ||    33
       Tentacles         |     1 |     7 |     9 ||    17
       Short sword       |       |    42 |    38 ||    80
       Dagger            |       |       |    22 ||    22
       Kick              |       |       |     6 ||     6
 Cast: Sandblast         |    55 |    98 |    38 ||   191
       Stone Arrow       |       |    12 |   150 ||   162
  Use: Scroll            |     2 |     5 |     4 ||    11
       Potion            |       |       |     9 ||     9
 Stab: Sleeping          |     3 |     3 |     2 ||     8
       Distracted        |       |     1 |       ||     1
  Eat: Chunk             |     4 |     4 |     1 ||     9
       Ration            |       |     1 |     6 ||     7
Armor: Skin              |     5 |     7 |    10 ||    22
Dodge: Dodged            |    23 |    62 |   105 ||   190

Table legend:
 A = Spawn XP
 B = Non-spawn XP
 C = Spawn XP percentage of total XP
 D = Spawn monster count
 E = Non-spawn monster count
 F = Spawn count percentage of total count
 G = Total turns spent on level
                    A         B        C        D         E        F      G
               +---------+---------+-------+---------+---------+-------+---------
         Total |       0 |    4576 |   0.0 |       0 |     207 |   0.0 | 10138
               +---------+---------+-------+---------+---------+-------+---------
           D:1 |       0 |      19 |   0.0 |       0 |      13 |   0.0 |   587
           D:2 |       0 |      47 |   0.0 |       0 |      18 |   0.0 |   899
           D:3 |       0 |      45 |   0.0 |       0 |      17 |   0.0 |  2056
           D:4 |       0 |     803 |   0.0 |       0 |      21 |   0.0 |  1195
           D:5 |       0 |    1306 |   0.0 |       0 |      25 |   0.0 |  1787
           D:6 |       0 |    1584 |   0.0 |       0 |      39 |   0.0 |  1963
           D:7 |       0 |     391 |   0.0 |       0 |      18 |   0.0 |   467
         Sewer |       0 |     381 |   0.0 |       0 |      56 |   0.0 |  1184
               +---------+---------+-------+---------+---------+-------+---------
